 Dungeon Crawl Stone Soup version 0.31.0-32-g396128a36d (webtiles) character file.

Game seed: 14736728136930551611

96 Fractals the Conjurer (level 4, -5/33 HPs)
             Began as a Human Conjurer on Apr 4, 2024.
             Slain by a sleepcap (7 damage)
             ... on level 3 of the Dungeon.
             The game lasted 00:04:49 (1906 turns).

Fractals the Conjurer (Human Conjurer)              Turns: 1906, Time: 00:04:50

Health: -5/33      AC:  2    Str:  9    XL:     4   Next: 67%
Magic:  7/7        EV: 12    Int: 19    God:
Gold:   111        SH:  0    Dex: 11    Spells: 4/7 levels left

rFire   + . .        b - +2 short sword (venom)
rCold   . . .        (no shield)
rNeg    . . .        a - +0 robe
rPois   .            (no helmet)
rElec   .            (no cloak)
rCorr   .            (no gloves)
SInv    .            (no boots)
Will    .....        (no amulet)
Stlth   ++           l - ring of protection from fire
HPRegen 0.25/turn    (no ring)
MPRegen 0.10/turn

%: no passive effects
@: no status effects
A: explore regen
a: no special abilities


You were on level 3 of the Dungeon.
You visited 1 branch of the dungeon, and saw 3 of its levels.

You collected 111 gold pieces.

Inventory:

Hand Weapons
 b - a +2 short sword of venom (weapon)
 d - a +0 dagger
 n - a +2 short sword of protection
Armour
 a - a +0 robe (worn)
Magical Staves
 g - a staff of death
 m - a staff of air
Jewellery
 l - a ring of protection from fire (left hand)
Scrolls
 e - 2 scrolls of teleportation
 f - a scroll of enchant armour {unknown}
 k - a scroll of identify {unknown}
 o - a scroll of immolation {unknown}
Potions
 c - 2 potions of enlightenment {unknown}
 h - 3 potions of curing {unknown}
 i - a potion of lignification {unknown}
 j - a potion of degeneration {unknown}
 p - a potion of heal wounds {unknown}


   Skills:
 - Level 2.0 Fighting
 - Level 2.0 Dodging
 - Level 3.0 Stealth
 + Level 2.2 Spellcasting
 + Level 4.8 Conjurations


You had 4 spell levels left.
You knew the following spells:

 Your Spells              Type           Power      Damage    Failure   Level
a - Magic Dart            Conj           80%        1d7       2%          1
b - Searing Ray           Conj           40%        2d5       3%          2

Your spell library contained the following spells:

 Spells                   Type           Power      Damage    Failure   Level
 Fulminant Prism          Conj/Alch      5%         3d7       52%         4
 Iskenderun's Mystic Bla  Conj/Tloc      11%        2d4       52%         4


Dungeon Overview and Level Annotations

Branches:
Dungeon (3/15)

Altars:


Innate Abilities, Weirdness & Mutations

You regain HP and MP as you explore.


Message History

You hit the goblin.
You kill the goblin!
There is a stone staircase leading up here.
Found a stone staircase leading down.
h - 3 coppery potions (gained 1)
There is a stone staircase leading up here.
p - a glowing ruby potion
Okay, then.
Okay, then.
A sleepcap comes into view.
The sleepcap completely misses you.
You hit the sleepcap.
The sleepcap is lightly damaged.
The sleepcap barely misses you.
You hit the sleepcap but do no damage.
The sleepcap is lightly damaged.
The sleepcap releases spores at you.
You hit the sleepcap.
The sleepcap is moderately damaged.
The sleepcap releases spores at you.
You are engulfed in a cloud of soporific spores!
You fall asleep.
The sleepcap releases spores at you!!
You wake up.
Ouch! That really hurt!
* * * LOW HITPOINT WARNING * * *
You hit the sleepcap but do no damage.
The sleepcap is poisoned.
The sleepcap is moderately damaged.
The sleepcap barely misses you.
You hit the sleepcap.
The sleepcap is moderately damaged.
The sleepcap completely misses you.
You hit the sleepcap but do no damage.
The sleepcap is heavily damaged.
The sleepcap releases spores at you.
* * * LOW HITPOINT WARNING * * *
You are engulfed in a cloud of soporific spores!
You are unaffected.
Unknown command.
The sleepcap attacks as it pursues you! The sleepcap releases spores at you!
You die...

.># ... #.## #.#
...# # #<# # #..#
.# #.# #. ...#..#
###
##.#.#######..#..#
.................#
#..####..#
#...f@<..#
#...#....#
#.#.#..).#
#.#......#
#.#.#....#
#.#.#.....#
#.#.#......#
#.#.#....#..
#.#.#....###.


You could see a sleepcap (poisoned).

Vanquished Creatures
  A gnoll (D:1)
  3 adders (D:2)
  6 dart slugs
  A ribbon worm (D:2)
  6 ball pythons
  5 endoplasms
  A giant cockroach (D:2)
  7 goblins
  A hobgoblin (D:1)
  2 jackals (D:1)
  A quokka (D:1)
  4 bats
  3 frilled lizards
  2 kobolds (D:1)
  3 rats
46 creatures vanquished.

Notes
Turn   | Place    | Note
-------+----------+-------------------------------------------
     0 | D:1      | Fractals the Human Conjurer began the quest for the Orb.
     0 | D:1      | Reached XP level 1. HP: 13/13 MP: 3/3
    59 | D:1      | Reached skill level 1 in Fighting
   168 | D:1      | Reached XP level 2. HP: 15/21 MP: 1/5
   521 | D:1      | Learned a level 2 spell: Searing Ray
   558 | D:1      | Reached XP level 3. HP: 27/27 MP: 3/6
  1188 | D:2      | Reached XP level 4. HP: 33/33 MP: 7/7
  1902 | D:3      | HP: 1/33 [sleepcap (4)]
  1906 | D:3      | Slain by a sleepcap

Illustrated notes

Levels and vault maps discovered:
D:1:      wander_arrival_fairy_ring, layout_basic, serial_rivers,
          chequers_serial_rivers_room_a, chequers_serial_rivers_micro_a,
          chequers_serial_rivers_micro_e, chequers_serial_rivers_micro_e
D:2:      layout_loops_ring, minmay_pentomino_s2
D:3:      layout_basic, uniq_jessica

Skill      XL: |  1  2  3  4 |
---------------+-------------+-----
Fighting       | 1 2 |  2.0
Stealth        | 3 |  3.0
Dodging        | |  2.0
Spellcasting   | |  2.2
Conjurations   | |  4.8

Action                     |  1- 3 |  4- 6 || total
---------------------------+-------+-------++-------
  Melee: Unarmed           |    12 |       ||    12
         Dagger            |    67 |       ||    67
         Short sword       |     2 |    34 ||    36
         Punch             |     1 |       ||     1
   Cast: Magic Dart        |    20 |     4 ||    24
         Searing Ray       |     3 |     2 ||     5
    Use: Potion            |     1 |       ||     1
         Scroll            |       |     1 ||     1
   Stab: Sleeping          |     3 |     4 ||     7
 Armour: Robe              |    31 |    16 ||    47
  Dodge: Dodged            |    57 |    21 ||    78
